 Dungeon Crawl Stone Soup version 0.31-a0-152-g6aa68a64a1 (webtiles) character file.

Game seed: 14369095733821842573

287 Zonian the Ruffian (level 6, -6/32 HPs)
             Began as a Vine Stalker Gladiator on June 11, 2023.
             Splashed by a jelly's acid (9 damage)
             ... on level 4 of the Dungeon.
             The game lasted 00:06:46 (3358 turns).

Zonian the Ruffian (Vine Stalker Gladiator)         Turns: 3358, Time: 00:06:47

Health: -6/32      AC: -3    Str: 25    XL:     6   Next: 30%
Magic:  0/7        EV: 12    Int:  8    God:
Gold:   31         SH:  0    Dex: 15    Spells: 5/5 levels left

rFire   . .          .
                       - Unarmed
rCold   . . .        (no shield)
rNeg    . . .        a - +0 leather armour
rPois   .            b - +1 helmet
rElec   .            (no cloak)
rCorr   .            (no gloves)
SInv    .            (no boots)
Will    .....        n - amulet of regeneration
Stlth   ++           k - +6 ring of strength
HPRegen 1.85/turn    (no ring)
MPRegen 0.10/turn

%: guardian spirit
@: corroded
A: fangs 2, regeneration 1, magic shield, antimagic bite, no potion heal 2
a: no special abilities


You were on level 4 of the Dungeon.
You visited 1 branch of the dungeon, and saw 4 of its levels.

You collected 103 gold pieces.
You spent 72 gold pieces at shops.

Inventory:

Hand Weapons
 q - a +2 whip of venom
Missiles
 c - 4 throwing nets (quivered)
 d - a javelin
 e - 4 poisoned darts
 p - a boomerang of dispersal
Armour
 a - a +0 leather armour (worn)
 b - a +1 helmet (worn)
Jewellery
 k - a +6 ring of strength (left hand)
 n - an amulet of regeneration (around neck)
 s - an amulet of magic regeneration
 u - a ring of protection from fire
Scrolls
 g - a scroll of torment
 l - a scroll of enchant weapon {unknown}
 o - 2 scrolls of teleportation
 r - a scroll of noise
Potions
 f - a potion of lignification
 h - a potion of berserk rage
 i - a potion of degeneration {unknown}
 j - a potion of heal wounds
 m - a potion of might
 t - 4 potions of curing
 v - 3 potions of brilliance
 w - a potion of magic


   Skills:
 + Level 3.6 Fighting
 - Level 2.0 Throwing
 - Level 2.5 Dodging
 + Level 4.1 Stealth
 + Level 4.6 Unarmed Combat


You had 5 spell levels left.
You didn't know any spells.
Your spell library was empty.

Dungeon Overview and Level Annotations

Branches:
Dungeon (4/15)
 Temple: D:4-7

Altars:
Elyvilon
Gozag
Qazlal

Shops:
D:2 !


Innate Abilities, Weirdness & Mutations

You have extremely sharp teeth.
Your natural rate of healing is unusually fast.
When hurt, damage is shared between your health and your magic reserves.
Your bite disrupts and absorbs the magic of your enemies.
Potions cannot restore your health.


Message History

You feel sick.
No target in view!
Unknown command.
You feel sick.
You feel sick.
You feel sick.
You are no longer poisoned.
You open the door.
A jelly comes into view.
A jelly is nearby!
Unknown command.
There is an open door here.
The helpless jelly fails to defend itself.
You hit the jelly. The acid corrodes you!
Your hands burn!
You bite the jelly, but do no damage.
The jelly is lightly wounded.
The jelly hits you.
You are splashed with acid!
You hit the jelly. The acid corrodes you!
Your hands burn!
The jelly is moderately wounded.
The jelly hits you. The acid corrodes you!
You are splashed with acid!
Unknown command.
You barely miss the jelly. You bite the jelly, but do no damage.
The jelly is moderately wounded.
The jelly misses you.
You hit the jelly but do no damage.
Your hands burn!
The jelly is moderately wounded.
The jelly barely misses you.
You hit the jelly.
Your hands burn!
You bite the jelly, but do no damage.
The jelly is heavily wounded.
The jelly hits you.
You are splashed with acid!
* * * LOW HITPOINT WARNING * * *
Throw: 2 boomerangs (disperse)
Press: ? - help, Shift-Dir - straight line, f - jelly
Aim: a jelly (heavily wounded, 90% to hit)
You throw a boomerang of dispersal.
The boomerang of dispersal barely misses the jelly.
The jelly hits you.
* * * LOW HITPOINT WARNING * * *
You are splashed with acid!
You die...

#..# #.##...#######..
##..###......# #..
#.......)#.^.#######..
#.######..............
##.#....#.#.#.##.####.. #
#..#....#...#.##.## #..
#..###.#....#...#.##..# #.#
#......#...J#...#.##..# #.#
##.###.#..@.#.#.#.##..###..
##..###'##.#.#.##..#)...
#####+#.....................##
#.......##.....###.......####
#........#.....# ##.###..#####
#........#.....# #.# #.......
#........#.....# #.# ##.#####
#........#.....# #.# #.#
#........#.....# #.# #.#####


You could see a jelly.

Vanquished Creatures
  An orc priest (D:4)
  2 hounds
  2 orc wizards (D:3)
  5 adders
  4 gnolls (D:2)
  2 dart slugs
  4 orcs
  6 endoplasms
  4 giant cockroaches
  8 goblins
  4 hobgoblins
  3 jackals (D:3)
  5 kobolds
  2 quokkas
  3 ball pythons
  4 bats
  A frilled lizard (D:1)
  2 rats (D:1)
62 creatures vanquished.

Notes
Turn   | Place    | Note
-------+----------+-------------------------------------------
     0 | D:1      | Zonian the Vine Stalker Gladiator began the quest for the
                  | Orb.
     0 | D:1      | Reached XP level 1. HP: 11/11 MP: 2/2
   210 | D:1      | Reached XP level 2. HP: 13/15 MP: 3/3
   284 | D:1      | You fall into a shaft and drop 1 floor!
   728 | D:3      | Found an opulent altar of Gozag.
   797 | D:3      | Found a stormy altar of Qazlal.
   972 | D:3      | Reached skill level 1 in Stealth
   972 | D:3      | Reached XP level 3. HP: 17/18 MP: 2/4
  1116 | D:3      | Gained mutation: Your natural rate of healing is unusually
                  | fast. [Vine Stalker growth]
  1116 | D:3      | Reached XP level 4. HP: 13/23 MP: 5/5
  1678 | D:1      | Reached XP level 5. HP: 28/28 MP: 6/6
  2381 | D:2      | Found a faded altar of an unknown god.
  2576 | D:2      | Found Yllujeown's Distillery.
  2580 | D:2      | Bought a potion of curing for 36 gold pieces
  2580 | D:2      | Bought a potion of curing for 36 gold pieces
  2889 | D:4      | Reached XP level 6. HP: 25/32 MP: 3/7
  3227 | D:4      | Found a white marble altar of Elyvilon.
  3358 | D:4      | Splashed by a jelly's acid

Illustrated notes

Levels and vault maps discovered:
D:1:      scummos_arrival_gate, layout_basic
D:2:      layout_basic, shapermc_ecumenical_altar_acropolis, serial_shops,
          nicolae_shop_window_shopping, minmay_cut_off
D:3:      layout_loops_corners, nicolae_qazlal_scattered_showers,
          grunt_gozag_statues, hangedman_decor_diamond_cutter
D:4:      layout_basic, doesnt_xom_only_xom, nicolae_overflow_crystal_walls,
          minmay_misc_feat_more_columns, nrook_mini_vaults

Skill      XL: |  1  2  3  4  5  6 |
---------------+-------------------+-----
Throwing       | 2 |  2.0
Fighting       | 2 3 |  3.6
Stealth        | 1 2 3 4 |  4.1
Unarmed Combat | 4 |  4.6
Dodging        | |  2.5

Action                     |  1- 3 |  4- 6 || total
---------------------------+-------+-------++-------
  Melee: Unarmed           |    69 |   136 ||   205
         Bite              |    11 |    33 ||    44
         Punch             |       |     4 ||     4
  Throw: Boomerang         |       |     1 ||     1
    Use: Potion            |     4 |       ||     4
         Scroll            |       |     8 ||     8
   Stab: Sleeping          |       |    13 ||    13
 Armour: Leather armour    |    24 |    20 ||    44
         Skin              |     8 |     8 ||    16
  Dodge: Dodged            |    49 |    64 ||   113

Table legend: (Time is in decaauts)
 A = Elapsed time spent in this place.
 B = Non-inter-level travel time spent in this place.
 C = Inter-level travel time spent in this place.
 D = Time resting spent in this place.
 E = Time spent auto-exploring this place.
 F = Levels seen in this place.
 G = Mean time per level.
                   A        B        C        D        E       F      G
               +--------+--------+--------+--------+--------+-----+--------+
         Total |   3343 |   3246 |     97 |    271 |   2270 |   4 |  835.8 |
       Dungeon |   3343 |   3246 |     97 |    271 |   2270 |   4 |  835.8 |
               +--------+--------+--------+--------+--------+-----+--------+

Top non-repeatable levels by time:
     D:3: 1246 daAuts
     D:1: 867 daAuts
     D:2: 693 daAuts
     D:4: 535 daAuts
